 Dungeon Crawl Stone Soup version 0.27-a0-223-ge082b6e869 (webtiles) character file.

Game seed: 16550539927706706723

21 inqbanana the Skirmisher (level 2, -4/28 HPs)
             Began as a Naga Fighter on Feb 1, 2021.
             Killed by an exploding a bat (31 damage)
             ... exploding inner flame
             ... on level 1 of the Dungeon.
             The game lasted 00:01:13 (630 turns).

inqbanana the Skirmisher (Naga Fighter)              Turns: 630, Time: 00:01:14

Health: -4/28      AC:  5    Str: 15 (18) XL:     2   Next: 83%
Magic:  2/2        EV:  5    Int:  7 (8)  God:
Gold:   31         SH:  8    Dex:  9 (10) Spells: 1/1 levels left

rFire    . . .     SeeInvis +   a - +0 long sword
rCold    . . .     Faith    .   c - +0 kite shield
rNeg     . . .     Spirit   .   b - +0 scale mail
rPois    +         Reflect  .   (no helmet)
rElec    .         Harm     .   f - +0 cloak
rCorr    +         Rampage  .   (no gloves)
Will     .....                  (no barding)
Stlth    ..........             (no amulet)
HPRegen  0.09/turn              j - ring of resist corrosion
MPRegen  0.08/turn              (no ring)

@: very slow
A: large, see invisible, deformed body, poison resistance, slowness 2, spit
poison 1, AC +0
a: Spit Poison


You were on level 1 of the Dungeon.
You visited 1 branch of the dungeon, and saw 1 of its levels.

You collected 31 gold pieces.

Inventory:

Hand Weapons
 a - a +0 long sword (weapon)
Armour
 b - a +0 scale mail (worn)
 c - a +0 kite shield (worn)
 f - a +0 cloak (worn)
Jewellery
 i - an uncursed ring of see invisible
 j - a ring of resist corrosion (left hand)
Potions
 d - a potion of might


   Skills:
 + Level 3.2 Fighting
 * Level 2.4 Long Blades
 + Level 2.5 Armour
 + Level 0.4 Dodging
 + Level 1.1 Stealth
 + Level 2.5 Shields


You had one spell level left.
You didn't know any spells.
Your spell library was empty.

Dungeon Overview and Level Annotations

Branches:
Dungeon (1/15)

Altars:


Innate Abilities, Weirdness & Mutations

You cannot wear boots.
Your serpentine skin is tough. (AC +0)
You have supernaturally acute eyesight. (SInv)
Armour fits poorly on your strangely shaped body.
Your system is resistant to poisons. (rPois)
You cover ground very slowly.
You can spit poison.


Message History

No target in view!
No target in view!
No target in view!
e - a scroll labelled SIOMUVI YWNIOS You now have 31 gold pieces (gained 10).
A bat comes into view.
As you read the scroll labelled SIOMUVI YWNIOS, it crumbles to dust.
The creatures around you are filled with an inner flame!
It was a scroll of immolation.
You block the bat's attack.
You closely miss the bat. The bat hits you but does no damage.
You block the bat's attack.
You hit the bat but do no damage. The bat barely misses you.
You block the bat's attack.
You closely miss the bat. The bat hits you.
The bat hits you but does no damage.
You hit the bat.
The bat explodes!
The fiery explosion engulfs you!!
Ouch! That really hurt!
You die...

#.....##......#
#.....######..## #.....#
#...####### #######
#.>........ ##.#..###.#
#####.....## #...)......#
###..........#
####@...[......)#
####.ยงยงยง#..........#####
#....####..............#
#.#### ######.##.####.. #.#
### ###.##..####. #.# #..
............. #.# #.#
###.###..###. #.## #.# #.#
#..# #..# #.# ..# #..##


There were no monsters in sight!

Vanquished Creatures
  2 dart slugs (D:1)
  A leopard gecko (D:1)
  A ball python (D:1)
  A giant cockroach (D:1)
  2 goblins (D:1)
  3 hobgoblins (D:1)
  2 bats (D:1)
  3 frilled lizards (D:1)
  A rat (D:1)
16 creatures vanquished.

Notes
Turn   | Place    | Note
-------+----------+-------------------------------------------
     0 | D:1      | inqbanana the Naga Fighter began the quest for the Orb.
     0 | D:1      | Reached XP level 1. HP: 21/21 MP: 1/1
   138 | D:1      | Reached XP level 2. HP: 28/28 MP: 2/2
   280 | D:1      | Reached skill level 1 in Stealth
   630 | D:1      | Killed by an exploding a bat... exploding inner flame

Illustrated notes

Levels and vault maps discovered:
D:1:      evilmike_arrival_plus, layout_rooms

Skill      XL: |  1  2 |
---------------+-------+-----
Stealth        | 1 |  1.1
Fighting       | |  3.2
Long Blades    | |  2.4
Armour         | |  2.5
Dodging        | |  0.4
Shields        | |  2.5

Action                   || total
-------------------------++-------
Melee: Long sword        ||    61
 Abil: Spit Poison       ||     2
  Use: Scroll            ||     3
       Potion            ||     2
Armor: Scale mail        ||    29
Dodge: Dodged            ||    11
Block: Kite shield       ||    29
       Rpst.: Long sword ||     3

Table legend: (Time is in decaauts)
 A = Elapsed time spent in this place.
 B = Non-inter-level travel time spent in this place.
 C = Inter-level travel time spent in this place.
 D = Time resting spent in this place.
 E = Time spent auto-exploring this place.
 F = Levels seen in this place.
 G = Mean time per level.
                   A        B        C        D        E       F      G
               +--------+--------+--------+--------+--------+-----+--------+
         Total |    732 |    732 |      0 |      0 |    530 |   1 |  732.0 |
       Dungeon |    732 |    732 |      0 |      0 |    530 |   1 |  732.0 |
               +--------+--------+--------+--------+--------+-----+--------+

Top non-repeatable levels by time:
     D:1: 732 daAuts
